SNL (28 & UNDER)
NEW HAMPSHIRE FISHER CATS @ BLACKIRON DRAGONS
06/17/2024
 
TOP OF THE 1ST
New Hampshire Fisher Cats batting - Pitching for BlackIron Dragons : RHP Augusto Méndez
Pitching: RHP Augusto Méndez
Batting: LHB Cam Flowers 0-0: Called Strike
0-1: Foul Ball, location: 2F
0-2: Foul Ball, location: 2F
0-2: Ball
1-2: Strikes out looking
Batting: RHB Benjamin Lawson 0-0: Foul Ball, location: 2F
0-1: Ball
1-1: Ball
2-1: SINGLE (Groundball, 4MS)
Batting: RHB Billy Campbell 0-0: Called Strike
0-1: Swinging Strike
0-2: Strikes out looking
Batting: LHB Don Ramey 0-0: Ball
1-0: Ball
2-0: Swinging Strike
2-1: Swinging Strike
2-2: Strikes out swinging
Top of the 1st over - 0 run(s), 1 hit(s), 0 error(s), 1 left on base; New Hampshire 0 - BlackIron 0
BOTTOM OF THE 1ST
BlackIron Dragons batting - Pitching for New Hampshire Fisher Cats : LHP Paul Adams
Pitching: LHP Paul Adams
Batting: RHB Gil Palmer 0-0: Ball
1-0: Swinging Strike
1-1: Called Strike
1-2: Strikes out looking
Batting: RHB Boyd Pittman 0-0: Foul Ball, location: 2F
0-1: Ball
1-1: Ball
2-1: Foul Ball, location: 2F
2-2: Strikes out swinging
Batting: RHB José Colón 0-0: Ball
1-0: Ball
2-0: Foul Ball, location: 2F
2-1: Ball
3-1: SINGLE (Groundball, 56D)
Batting: LHB Leonard Young 0-0: Ball
1-0: Ball
2-0: Ball
3-0: Base on Balls
José Colón to second
Batting: RHB Edgardo Carrasco 0-0: Ball
1-0: Ball
2-0: Called Strike
2-1: Foul Ball, location: 2F
2-2: Ball
3-2: Strikes out looking
Bottom of the 1st over - 0 run(s), 1 hit(s), 0 error(s), 2 left on base; New Hampshire 0 - BlackIron 0
TOP OF THE 2ND
New Hampshire Fisher Cats batting - Pitching for BlackIron Dragons : RHP Augusto Méndez
Batting: RHB Júlio Trinidad 0-0: Called Strike
0-1: Swinging Strike
0-2: Ball
1-2: Strikes out swinging
Batting: RHB Chris Parker 0-0: Ground out 6-3 (Groundball, 6M)
Batting: RHB Felipe Rivas 0-0: Ball
1-0: Fly out, F3 (Popup, 3)
Top of the 2nd over - 0 run(s), 0 hit(s), 0 error(s), 0 left on base; New Hampshire 0 - BlackIron 0
BOTTOM OF THE 2ND
BlackIron Dragons batting - Pitching for New Hampshire Fisher Cats : LHP Paul Adams
Batting: RHB Joaquín Rosales 0-0: Called Strike
0-1: Foul Ball, location: 2F
0-2: Strikes out swinging
Batting: LHB Donnie Cunningham 0-0: Ball
1-0: Foul Ball, location: 2F
1-1: Called Strike
1-2: Ball
2-2: Strikes out looking
Batting: LHB Culley Vaughan 0-0: Swinging Strike
0-1: Fly out, F6 (Popup, 6)
Bottom of the 2nd over - 0 run(s), 0 hit(s), 0 error(s), 0 left on base; New Hampshire 0 - BlackIron 0
TOP OF THE 3RD
New Hampshire Fisher Cats batting - Pitching for BlackIron Dragons : RHP Augusto Méndez
Batting: RHB Albert Alemán 0-0: Swinging Strike
0-1: Ball
1-1: Ball
2-1: Called Strike
2-2: Foul Ball, location: 2F
2-2: Strikes out swinging
Batting: SHB Lester Olsen 0-0: Called Strike
0-1: Called Strike
0-2: Ball
1-2: Strikes out swinging
Batting: LHB Cam Flowers 0-0: Foul Ball, location: 2F
0-1: Ball
1-1: Fly out, F8 (Flyball, 8RM)
Top of the 3rd over - 0 run(s), 0 hit(s), 0 error(s), 0 left on base; New Hampshire 0 - BlackIron 0
BOTTOM OF THE 3RD
BlackIron Dragons batting - Pitching for New Hampshire Fisher Cats : LHP Paul Adams
Batting: RHB Eugene Payne 0-0: Fly out, F7 (Flyball, 7M)
Batting: RHB Gil Palmer 0-0: Ball
1-0: SINGLE (Groundball, 34D)
Batting: RHB Boyd Pittman 0-0: Ball
1-0: Foul Ball, location: 2F
1-1: Reached on Error, E7 (Flyball, 78M)
Gil Palmer to second
Batting: RHB José Colón 0-0: Called Strike
0-1: Foul Ball, location: 2F
0-2: Ball
1-2: Grounds into double play, 6-4-3 (Groundball, 6)
Bottom of the 3rd over - 0 run(s), 1 hit(s), 1 error(s), 1 left on base; New Hampshire 0 - BlackIron 0
TOP OF THE 4TH
New Hampshire Fisher Cats batting - Pitching for BlackIron Dragons : RHP Augusto Méndez
Batting: RHB Benjamin Lawson 0-0: Ball
1-0: Foul Ball, location: 2F
1-1: Ball
2-1: Ball
3-1: Foul Ball, location: 2F
3-2: Base on Balls
Batting: RHB Billy Campbell 0-0: Called Strike
Benjamin Lawson steals 2nd base
0-1: Swinging Strike
0-2: Strikes out looking
Batting: LHB Don Ramey 0-0: Called Strike
0-1: SINGLE (Groundball, 13) (infield hit)
Benjamin Lawson to third
Batting: RHB Júlio Trinidad 0-0: Foul Ball, location: 2F
0-1: Ball
1-1: Ball
2-1: SINGLE (Groundball, 4M)
Benjamin Lawson scores
Don Ramey to second
Batting: RHB Chris Parker 0-0: Ball
1-0: Ball
Don Ramey steals 3rd base
Júlio Trinidad to second
2-0: Ground out 4-3 (Groundball, 4M)
Don Ramey scores
Júlio Trinidad to third
Batting: RHB Felipe Rivas 0-0: Ball
1-0: Called Strike
1-1: Ball
2-1: Fly out, F7 (Flyball, 78XD)
Top of the 4th over - 2 run(s), 2 hit(s), 0 error(s), 1 left on base; New Hampshire 2 - BlackIron 0
BOTTOM OF THE 4TH
BlackIron Dragons batting - Pitching for New Hampshire Fisher Cats : LHP Paul Adams
Batting: LHB Leonard Young 0-0: Fly out, F7 (Line Drive, 78M)
Batting: RHB Edgardo Carrasco 0-0: Ball
1-0: Ball
2-0: Ball
3-0: Called Strike
3-1: Swinging Strike
3-2: SINGLE (Line Drive, 7S)
Batting: RHB Joaquín Rosales 0-0: Called Strike
0-1: Ball
1-1: Fly out, F7 (Flyball, 78M)
Batting: LHB Donnie Cunningham 0-0: Ball
1-0: Foul Ball, location: 2F
1-1: Swinging Strike
1-2: Ball
2-2: Strikes out swinging
Bottom of the 4th over - 0 run(s), 1 hit(s), 0 error(s), 1 left on base; New Hampshire 2 - BlackIron 0
TOP OF THE 5TH
New Hampshire Fisher Cats batting - Pitching for BlackIron Dragons : RHP Augusto Méndez
Batting: RHB Albert Alemán 0-0: Called Strike
0-1: Ball
1-1: Foul Ball, location: 2F
1-2: Ball
2-2: Strikes out swinging
Batting: SHB Lester Olsen 0-0: Fly out, F8 (Line Drive, 8RM)
Batting: LHB Cam Flowers 0-0: Ball
1-0: Called Strike
1-1: Ball
2-1: SINGLE (Groundball, 34D)
Pitching: RHP Bret McJannett
Batting: RHB Benjamin Lawson 0-0: Ball
1-0: Ground out 1-3 (Groundball, 23)
Top of the 5th over - 0 run(s), 1 hit(s), 0 error(s), 1 left on base; New Hampshire 2 - BlackIron 0
BOTTOM OF THE 5TH
BlackIron Dragons batting - Pitching for New Hampshire Fisher Cats : LHP Paul Adams
Batting: LHB Culley Vaughan 0-0: Swinging Strike
0-1: Called Strike
0-2: Fly out, F7 (Flyball, 7S)
Batting: RHB Eugene Payne 0-0: SINGLE (Groundball, 56D)
Batting: RHB Gil Palmer 0-0: Fly out, F7 (Flyball, 78S)
Batting: RHB Boyd Pittman 0-0: Ball
1-0: Ball
Eugene Payne steals 2nd base
2-0: Ball
3-0: Called Strike
3-1: Base on Balls
Batting: RHB José Colón 0-0: Foul Ball, location: 2F
0-1: Ball
1-1: Ball
Wild Pitch!
Eugene Payne to third
Boyd Pittman to second
2-1: DOUBLE (Groundball, 5L)
Eugene Payne scores
Boyd Pittman scores
Batting: LHB Leonard Young 0-0: Called Strike
0-1: Called Strike
0-2: Strikes out swinging
Bottom of the 5th over - 2 run(s), 2 hit(s), 0 error(s), 1 left on base; New Hampshire 2 - BlackIron 2
TOP OF THE 6TH
New Hampshire Fisher Cats batting - Pitching for BlackIron Dragons : RHP Bret McJannett
Batting: RHB Billy Campbell 0-0: Ball
1-0: Foul Ball, location: 2F
1-1: Foul Ball, location: 2F
1-2: DOUBLE (Line Drive, 9LS)
Batting: LHB Don Ramey 0-0: Intentional Walk
Batting: RHB Júlio Trinidad 0-0: Ball
1-0: Ball
2-0: Ball
3-0: Called Strike
3-1: Reached on error, E5 (Groundball, 5)
Billy Campbell to third
Don Ramey to second
Batting: RHB Chris Parker 0-0: Called Strike
0-1: Called Strike
0-2: Strikes out looking
Batting: RHB Felipe Rivas 0-0: Foul Ball, location: 2F
0-1: Fielders Choice at 2nd, 5-4 (Groundball, 56)
Billy Campbell scores
Don Ramey to third
Batting: RHB Albert Alemán 0-0: Swinging Strike
0-1: Ball
1-1: Foul Ball, location: 2F
1-2: Foul Ball, location: 2F
1-2: Ball
2-2: Strikes out looking
Top of the 6th over - 1 run(s), 1 hit(s), 1 error(s), 2 left on base; New Hampshire 3 - BlackIron 2
BOTTOM OF THE 6TH
BlackIron Dragons batting - Pitching for New Hampshire Fisher Cats : LHP Paul Adams
Batting: RHB Edgardo Carrasco 0-0: Foul Ball, location: 2F
0-1: Ball
1-1: Ground out 1-3 (Groundball, 13)
Batting: RHB Joaquín Rosales 0-0: Ball
1-0: Ball
2-0: Called Strike
2-1: Called Strike
2-2: Strikes out looking
Batting: LHB Donnie Cunningham 0-0: Ball
1-0: Swinging Strike
1-1: Swinging Strike
1-2: Ball
2-2: Ball
3-2: Strikes out swinging
Bottom of the 6th over - 0 run(s), 0 hit(s), 0 error(s), 0 left on base; New Hampshire 3 - BlackIron 2
TOP OF THE 7TH
New Hampshire Fisher Cats batting - Pitching for BlackIron Dragons : RHP Bret McJannett
Batting: SHB Lester Olsen 0-0: Called Strike
0-1: Foul Ball, location: 2F
0-2: Foul Ball, location: 2F
0-2: Fly out, F8 (Flyball, 8LM)
Batting: LHB Cam Flowers 0-0: Called Strike
0-1: Called Strike
0-2: Ball
1-2: Ball
2-2: Strikes out swinging
Batting: RHB Benjamin Lawson 0-0: Reached on error, E4 (Groundball, 34)
Batting: RHB Billy Campbell 0-0: Ball
1-0: Foul Ball, location: 2F
1-1: Ball
2-1: Ball
3-1: Base on Balls
Benjamin Lawson to second
Batting: LHB Don Ramey 0-0: Foul Ball, location: 2F
0-1: Ball
1-1: Called Strike
1-2: Fly out, F8 (Line Drive, 8RD)
Top of the 7th over - 0 run(s), 0 hit(s), 1 error(s), 2 left on base; New Hampshire 3 - BlackIron 2
BOTTOM OF THE 7TH
BlackIron Dragons batting - Pitching for New Hampshire Fisher Cats : LHP Paul Adams
Batting: LHB Culley Vaughan 0-0: Ball
1-0: Ball
2-0: Swinging Strike
2-1: Foul Ball, location: 2F
2-2: Ball
3-2: Ground out 3-1 (Groundball, 34)
Pitching: RHP Takechi Sayuki
Batting: RHB Eugene Payne 0-0: Called Strike
0-1: SINGLE (Groundball, 6D)
Batting: RHB Gil Palmer 0-0: Ball
1-0: Ball
Eugene Payne steals 2nd base
2-0: Swinging Strike
2-1: Ball
3-1: Swinging Strike
3-2: Strikes out swinging
Batting: RHB Boyd Pittman 0-0: Called Strike
0-1: Ball
1-1: Fly out, F4 (Popup, 9LSF)
Bottom of the 7th over - 0 run(s), 1 hit(s), 0 error(s), 1 left on base; New Hampshire 3 - BlackIron 2
TOP OF THE 8TH
New Hampshire Fisher Cats batting - Pitching for BlackIron Dragons : RHP Bret McJannett
Pitching: RHP Eduardo Delgado
Batting: RHB Júlio Trinidad 0-0: Called Strike
0-1: Ground out 6-3 (Groundball, 6)
Batting: RHB Chris Parker 0-0: Foul Ball, location: 2F
0-1: DOUBLE (Line Drive, 8RS)
Batting: RHB Felipe Rivas 0-0: Intentional Walk
Batting: RHB Albert Alemán 0-0: Ball
1-0: Ball
2-0: Foul Ball, location: 2F
2-1: Called Strike
2-2: Ball
3-2: Foul Ball, location: 2F
3-2: Base on Balls
Chris Parker to third
Felipe Rivas to second
Batting: SHB Lester Olsen 0-0: Swinging Strike
0-1: Swinging Strike
0-2: Ball
1-2: Strikes out swinging
Batting: LHB Cam Flowers 0-0: Foul Ball, location: 2F
0-1: Ground out 4-3 (Groundball, 4)
Top of the 8th over - 0 run(s), 1 hit(s), 0 error(s), 3 left on base; New Hampshire 3 - BlackIron 2
BOTTOM OF THE 8TH
BlackIron Dragons batting - Pitching for New Hampshire Fisher Cats : RHP Takechi Sayuki
Batting: RHB José Colón 0-0: SINGLE (Groundball, 5D)
Pitching: LHP George Colgan
Batting: LHB Leonard Young 0-0: Ball
1-0: Ball
2-0: Ball
3-0: Called Strike
3-1: Swinging Strike
3-2: Foul Ball, location: 2F
3-2: Base on Balls
José Colón to second
Pitching: RHP Paul Ewing
Batting: RHB Edgardo Carrasco 0-0: Swinging Strike
0-1: Ball
1-1: Ball
2-1: Foul Ball, location: 2F
2-2: Strikes out swinging
Pinch Hitting: RHB Brian Jackson 0-0: Ball
1-0: 3-RUN HOME RUN (Flyball, 7LD), Distance : 381 ft
Batting: LHB Donnie Cunningham 0-0: Called Strike
0-1: SINGLE (Groundball, 56D) (infield hit)
Batting: LHB Culley Vaughan 0-0: Ball
1-0: Called Strike
1-1: Grounds into double play, 4-6-3 (Groundball, 4)
Bottom of the 8th over - 3 run(s), 3 hit(s), 0 error(s), 0 left on base; New Hampshire 3 - BlackIron 5
TOP OF THE 9TH
New Hampshire Fisher Cats batting - Pitching for BlackIron Dragons : RHP Eduardo Delgado
Pitching: RHP António García
Now at 3B: Leroy Jamison
Batting: RHB Benjamin Lawson 0-0: Fly out, F9 (Popup, 34D)
Batting: RHB Billy Campbell 0-0: Foul Ball, location: 2F
0-1: Ball
1-1: Swinging Strike
1-2: Strikes out looking
Batting: LHB Don Ramey 0-0: Called Strike
0-1: Called Strike
0-2: Foul Ball, location: 2F
0-2: Ball
1-2: Ball
2-2: Ball
3-2: Base on Balls
Batting: RHB Júlio Trinidad 0-0: Ground out 5-3 (Groundball, 56S)
Top of the 9th over - 0 run(s), 0 hit(s), 0 error(s), 1 left on base; New Hampshire 3 - BlackIron 5
This league is powered by Out of the Park Baseball, the baseball management simulation game for PC, Mac and Linux
Saturday, April 9th, 2016 - OOTP Baseball 16.8 Build 38